 Dungeon Crawl Stone Soup version 0.22-a0-63-geddfa9b (webtiles) character file.

149 Alarkh the Ruffian (level 5, 40/42 HPs)
             Began as a Demonspawn Berserker on Jan 10, 2018.
             Was a Believer of Trog.
             Got out of the dungeon alive.
             The game lasted 00:03:08 (2655 turns).

Alarkh the Ruffian (Demonspawn Berserker)           Turns: 2655, Time: 00:03:09

Health: 40/42      AC:  5    Str: 18    XL:     5   Next: 9%
Magic:  5/5        EV: 12    Int:  9    God:    Trog [**....]
Gold:   98         SH:  0    Dex: 12    Spells: 4/4 levels left

rFire    . . .     SeeInvis .     - Unarmed
rCold    + . .     Gourm    .   (no shield)
rNeg     . . .     Faith    .   a - +0 animal skin
rPois    .         Spirit   .   l - +0 helmet
rElec    .         Reflect  .   j - +0 cloak
rCorr    .         Harm     .   c - +0 pair of gloves
MR       .....                  (no boots)
Stlth    +.........             i - amulet of rage
HPRegen  0.14/turn              (no ring)
MPRegen  0.09/turn              (no ring)

@: no status effects
A: cold resistance 1, sturdy frame 1
a: Berserk, Trog's Hand, Burn Spellbooks, Renounce Religion, Evoke Berserk Rage


You escaped.
You worshipped Trog.
Trog was pleased with you.
You were not hungry.

You visited 1 branch of the dungeon, and saw 2 of its levels.

You collected 98 gold pieces.

Inventory:

Armour
 a - a +0 animal skin (worn)
 c - a +0 pair of gloves (worn)
 j - a +0 cloak (worn)
 l - a +0 helmet (worn)
Jewellery
 i - an amulet of rage (around neck)
Scrolls
 e - 2 scrolls of identify
 h - 4 scrolls of remove curse
 k - 2 scrolls of immolation
Potions
 d - 2 potions of haste
 g - a potion of ambrosia
Comestibles
 b - 6 rations


   Skills:
 + Level 3.7 Fighting
 - Level 1.7 Armour
 - Level 1.7 Dodging
 * Level 4.9 Unarmed Combat


You had 4 spell levels left.
You didn't know any spells.

Dungeon Overview and Level Annotations

Branches:
Dungeon (2/15)

Altars:
Elyvilon
Fedhas
Hepliaklqana


Innate Abilities, Weirdness & Mutations

Your flesh is cold resistant. (rC+)
Your movements are slightly less encumbered by armour. (ER -2)


Message History

f - 2 chunks of flesh (gained 1)
You are no longer berserk.
You are exhausted.
You feel yourself slow down.
Eat one of 2 chunks of flesh? (ye/n/q)
You eat one of the 2 chunks of flesh.
This raw flesh tastes terrible.
You are feeling hungry.
Eating a chunk of flesh.
You eat the chunk of flesh.
This raw flesh tastes terrible.
You see here a club.
There is a stone staircase leading up here.
You feel yourself speed up.
You climb upwards.
There is a stone staircase leading down here.
You recover from your berserk rage.
You see here a leather armour.
There is an open door here.
There is a staircase leading out of the dungeon here.
Are you sure you want to leave the Dungeon?
This will make you lose the game!
You have escaped!

#.# ##.##### #....... ..#
#......# ##.....) .## #.####.###
###'### .# #.# #...# #.#.### .#
###.####.#.#########.#.... .#
#.................##.#.### .#
#.###+#######+###.##.#.# .#
#.#..⌠...>...⌠..#..#.#.# .#
#.#......@......#..#.#.# .#
#.'⌠....###....⌠'....#.# .#
#.#.............#.##)#.##
.#######.#######'#######.##....##
........[#.............#.##......
..#####..#.............#.###...##
..# #..#.............#.####.##
.## #..###############..(...# .#
#...................#######


There were no monsters in sight!

Vanquished Creatures
  A jelly (D:1)
  Natasha (D:2)
  An adder (D:2)
  3 oozes (D:1)
  5 worms
  A dart slug (D:1)
  A leopard gecko (D:1)
  3 bats
  5 giant cockroaches
  6 hobgoblins
  5 jackals (D:1)
  5 frilled lizards
  6 goblins
  6 kobolds
  8 rats
57 creatures vanquished.

Notes
Turn   | Place    | Note
-------+----------+-------------------------------------------
     0 | D:1      | Alarkh the Demonspawn Berserker began the quest for the Orb.
     0 | D:1      | Reached XP level 1. HP: 18/18 MP: 1/1
     0 | D:1      | Noticed a jelly
    13 | D:2      | Reached skill level 3 in Unarmed Combat
    45 | D:2      | Found a hazy altar of Hepliaklqana.
    90 | D:2      | Gained mutation: Your movements are slightly less encumbered by armour. (ER -2) [demonic ancestry]
    90 | D:2      | Reached XP level 2. HP: 13/24 MP: 2/2
   606 | D:2      | Found a blossoming altar of Fedhas.
   684 | D:2      | Reached XP level 3. HP: 16/29 MP: 3/3
  1164 | D:1      | Reached skill level 4 in Unarmed Combat
  1662 | D:1      | Reached ** piety under Trog
  2099 | D:1      | Found a runed door.
  2162 | D:1      | Reached XP level 4. HP: 35/35 MP: 4/4
  2281 | D:2      | Found a white marble altar of Elyvilon.
  2590 | D:2      | Noticed Natasha
  2600 | D:2      | Killed Natasha
  2600 | D:2      | Gained mutation: Your flesh is cold resistant. (rC+) [demonic ancestry]
  2600 | D:2      | Reached XP level 5. HP: 42/42 MP: 5/5
  2655 | D:$      | Got out of the dungeon alive.

Vault maps used:
D:1:      dpeg_arrival_caged_fury, kennysheep_another_room
D:2:      old_standard_altar, elyvilon_altar_1, fedhas_altar_2, uniq_natasha

Skill      XL: |  1  2  3 |
---------------+----------+-----
Unarmed Combat | 3 4 |  4.9
Fighting       | |  3.7
Armour         | |  1.7
Dodging        | |  1.7

Action                   |  1- 3 |  4- 6 || total
-------------------------+-------+-------++-------
Melee: Unarmed           |   145 |    46 ||   191
       Punch             |       |     1 ||     1
Invok: Berserk           |     6 |     1 ||     7
       Trog's Hand       |     1 |       ||     1
  Use: Scroll            |     3 |     1 ||     4
       Potion            |     3 |       ||     3
 Stab: Sleeping          |     3 |       ||     3
       Distracted        |     1 |       ||     1
  Eat: Chunk             |     6 |     3 ||     9
       Ration            |     1 |       ||     1
Armor: Animal skin       |    22 |    21 ||    43
Dodge: Dodged            |    86 |    48 ||   134

Table legend:
 A = Spawn XP
 B = Non-spawn XP
 C = Spawn XP percentage of total XP
 D = Spawn monster count
 E = Non-spawn monster count
 F = Spawn count percentage of total count
 G = Total turns spent on level
                    A         B        C        D         E        F      G
               +---------+---------+-------+---------+---------+-------+---------
         Total |       0 |     214 |   0.0 |       0 |      57 |   0.0 |  2655
               +---------+---------+-------+---------+---------+-------+---------
           D:1 |       0 |     128 |   0.0 |       0 |      37 |   0.0 |  1272
           D:2 |       0 |      86 |   0.0 |       0 |      20 |   0.0 |  1383
               +---------+---------+-------+---------+---------+-------+---------
